 Dungeon Crawl Stone Soup version 0.25-a0-558-g78a2afb0af (webtiles) character file.

Game seed: 14622797672640208585, levelgen mode: classic

201785 EnegeticOcto the Champion of Chaos (level 17, -5/166 HPs)
             Began as a Deep Dwarf Fighter on Feb 24, 2020.
             Was the Champion of Makhleb.
             Slain by an azure jelly (7 damage)
             ... created by the Royal Jelly
             ... on level 5 of the Pits of Slime.
             The game lasted 00:18:05 (13981 turns).

EnegeticOcto the Champion of Chaos (DDFi)          Turns: 13981, Time: 00:18:06

Health: -5/166     AC:  3    Str: 32    XL:     17   Next: 43%
Magic:  3/8        EV: 18    Int:  9    God:    Makhleb [******]
Gold:   272        SH: 15    Dex: 17    Spells: 16/16 levels left

rFire    + + .     SeeInvis +   E - +10 broad axe of Xom's Regard {vorpal, rF- MR+ Str+4}
rCold    + + .     Gourm    .   c - +1 kite shield
rNeg     + + +     Faith    .   n - +1 fire dragon scales
rPois    +         Spirit   .   J - +1 hat
rElec    +         Reflect  .   o - scarf {repulsion}
rCorr    +         Harm     +   v - +4 pair of gloves of the Lonely Lives {Str+3 SInv Stlth-}
MR       +++..     NoTele   +   K - +0 pair of boots "Damnable Contraption" {-Tele rElec rCorr Dex+5}
Stlth    ..........             H - amulet "Zoript" {Harm *Drain rC++ rN+ Int+2}
HPRegen  0.00/turn              D - ring of the Snail {rF+ rC+ rN+}
MPRegen  0.11/turn              S - ring of poison resistance

@: mighty, corroded, non-regenerating, repel missiles
A: damage resistance, heal wounds, thin metallic scales 1, blurry vision 1,
deformed body, dopey 1, low mp 1, negative energy resistance 1, sense
surroundings 2, screaming 1, weak 1, no regeneration
}: 2/15 runes: decaying, gossamer
a: Heal Wounds, Minor Destruction, Lesser Servant of Makhleb, Major Destruction,
Greater Servant of Makhleb, Renounce Religion


You were on level 5 of the Pits of Slime.
You worshipped Makhleb.
Makhleb was exalted by your worship.
You were very full.

You visited 7 branches of the dungeon, and saw 34 of its levels.
You also visited: Sewer and Bailey.

You collected 1829 gold pieces.
You spent 1557 gold pieces at shops.

Inventory:

Hand Weapons
 a - a +1 broad axe of freezing
 t - a +6 vampiric war axe
 z - a +3 broad axe of flaming
 E - the +10 broad axe of Xom's Regard (weapon) {vorpal, rF- MR+ Str+4}
   (You acquired it on level 10 of the Dungeon)

   It inflicts extra damage upon your enemies.
   It affects your strength (+4).
   It makes you vulnerable to fire.
   It affects your resistance to hostile enchantments.
Missiles
 h - a throwing net (quivered)
Armour
 c - a +1 kite shield (worn)
 n - +1 fire dragon scales (worn)
 o - a scarf of repulsion (worn)
 v - the +4 pair of gloves of the Lonely Lives (worn) {Str+3 SInv Stlth-}
   (You bought it in a shop on level 13 of the Dungeon)

   It affects your strength (+3).
   It lets you see invisible.
   It makes you less stealthy.
   If you remove this armour, your AC will decrease by 4 (3 -> -1).
 J - a +1 hat (worn)
 K - the +0 pair of boots "Damnable Contraption" (worn) {-Tele rElec rCorr Dex+5}
   (You found it on level 13 of the Dungeon)

   It affects your dexterity (+5).
   It insulates you from electricity.
   It prevents most forms of teleportation.
   It provides partial protection from all sources of acid and corrosion.
   If you remove this armour, your AC will decrease by 1 (3 -> 2).
Jewellery
 p - an uncursed ring of protection from fire
 y - the amulet "Vic Irph" {RegenMP *Drain rElec Str+4 Int+2}
   (You found it on level 6 of the Lair of Beasts)

   [amulet of magic regeneration]

   It increases your magic regeneration.
   It affects your strength (+4).
   It affects your intelligence (+2).
   It insulates you from electricity.
   It causes draining when unequipped.
 D - the ring of the Snail (left hand) {rF+ rC+ rN+}
   (You found it on level 1 of the Lair of Beasts)

   [ring of protection from fire]

   It protects you from fire.
   It protects you from cold.
   It protects you from negative energy.
 H - the amulet "Zoript" (around neck) {Harm *Drain rC++ rN+ Int+2}
   (You acquired it on level 11 of the Dungeon)

   [amulet of harm]

   It increases damage dealt and taken.
   It affects your intelligence (+2).
   It greatly protects you from cold.
   It protects you from negative energy.
   It causes draining when unequipped.
 S - a ring of poison resistance (right hand)
Wands
 q - a wand of digging (15) {@v2}
 s - a wand of polymorph (3)
 u - a wand of flame (3)
 x - a wand of acid (8) {@v1}
 P - a wand of paralysis (15)
Scrolls
 b - 9 scrolls of teleportation {@r2}
 g - 2 scrolls of fear
 i - 9 scrolls of remove curse {@r6}
 l - a scroll of silence
 A - 3 scrolls of identify {@r1}
 F - 3 scrolls of fog
 I - a scroll of summoning
Potions
 f - 7 potions of curing {@q1}
 j - 7 potions of lignification {@q7}
 k - a potion of might {@q3}
 m - a potion of resistance {@q6}
 r - 2 potions of heal wounds {@q2}
 w - 2 potions of cancellation
 C - a potion of berserk rage
 O - 2 potions of ambrosia
Comestibles
 e - 36 rations


   Skills:
 * Level 14.1 Fighting
 * Level 16.2 Axes
 + Level 12.3 Armour
 + Level 11.9 Dodging
 + Level 12.3 Shields
 * Level 18.3 Invocations


You had 16 spell levels left.
You didn't know any spells.
Your spell library was empty.

Dungeon Overview and Level Annotations

Branches:
Dungeon (13/15)            Temple (1/1) D:4            Lair (6/6) D:11
  Swamp (4/4) Lair:4       Spider (4/4) Lair:2        Slime (5/5) Lair:6
    Orc (1/2) D:12          Sewer (visited)          Bailey (visited)
 Vaults: D:13-14

Altars:
Ashenzari
Cheibriados
Dithmenos
Elyvilon
Fedhas
Gozag
Hepliaklqana
Kikubaaqudgha
Makhleb
Nemelex Xobeh
Okawaru
Qazlal
Ru
Sif Muna
Trog
Uskayaw
Vehumet
Wu Jian
Xom
Yredelemnul
Zin
The Shining One
Jiyva

Shops:
D:5 %   D:10 ?   D:11 :=?[(   D:13 [

Annotations:
D:11 2 transporters, Elauc's ghost, journeyman HOWn
Lair:5 3 runed translucent doors, amnekian's ghost, journeyman HuIE
Slime:5 Royal Jelly


Innate Abilities, Weirdness & Mutations

You are resistant to damage.
You can heal yourself by infusing magical energy.
You resist negative energy. (rN+)
You passively map the area around you.
You do not regenerate.
You are partially covered in thin metallic scales. (AC +2)
Scrolls take you a little longer to read.
Armour fits poorly on your strangely shaped body.
You are dopey. (Int -2)
Your magical capacity is low. (-10% MP)
You occasionally shout uncontrollably at your foes.
You are weak. (Str -2)


Message History

The slime creature is severely wounded.
You hit the azure jelly. You slash the Royal Jelly!
Your hands burn!
The Royal Jelly shudders.
The Royal Jelly spits out another jelly.
Your green death gestures at the Royal Jelly.
The poison arrow hits the Royal Jelly!
The Royal Jelly partially resists.
The Royal Jelly looks as sick as possible!
The Royal Jelly hits your green death!
Your green death is splashed with acid.
The acid corrodes your green death! The Royal Jelly hits your green death!
Your green death is splashed with acid.
The slime creature closely misses you. The acid blob spits acid at you.
The splash of acid hits your green death!
Your green death is splashed with acid.
Your green death seems to be corroded for longer.
You barely miss the slime creature.
The slime creature is heavily wounded.
You slice the Royal Jelly!!
Your hands burn!
You barely miss the death ooze. You slash the acid blob!
Your hands burn!
Your green death hits the acid blob!
Your green death is burned by acid!
The Royal Jelly barely misses you. x2
The acid blob spits acid at you.
The splash of acid hits your green death!
Your green death is splashed with acid.
Your green death seems to be corroded for longer.
Your green death dies!
Throwing (i - inventory)
h - 3 throwing nets (quivered)
Press: ? - help, Shift-Dir - straight line, f/p - Royal Jelly
Aim: the Royal Jelly (moderately wounded, extremely poisoned)
You throw a throwing net.
The throwing net barely misses the Royal Jelly.
The death ooze misses you. The death ooze hits you.
The slime creature completely misses you.
The Royal Jelly hits you but does no damage.
The Royal Jelly hits you!
You are splashed with acid.
You resist. The acid blob hits you.
You are splashed with acid.
You resist.
Throwing (i - inventory)
h - 2 throwing nets (quivered)
Press: ? - help, Shift-Dir - straight line, f/p - Royal Jelly
Aim: the Royal Jelly (moderately wounded, extremely poisoned)
You throw a throwing net. The throwing net hits the Royal Jelly.
The Royal Jelly is caught in the net!
The Royal Jelly is moderately wounded.
The Royal Jelly struggles against the net.
The acid blob hits you!!
You are splashed with acid.
You resist.
The Royal Jelly struggles against the net.
You slice the Royal Jelly!!
Your hands burn!
The Royal Jelly is heavily wounded.
You slash the azure jelly! You slash the acid blob!
Your hands burn!
You slash the acid blob!
Your hands burn!
The azure jelly hits you but does no damage. x4
You block the acid blob's attack.
The Royal Jelly struggles against the net.
The acid blob hits you but does no damage.
Okay, then.
Okay, then.
You completely miss the Royal Jelly.
The Royal Jelly is heavily wounded.
You slash the azure jelly! You slash the acid blob!
Your hands burn!
You slash the acid blob!
Your hands burn!
The azure jelly misses you. The azure jelly hits you.
The azure jelly freezes you! You resist. You block the azure jelly's attack.
The azure jelly hits you! The acid blob spits acid at you.
The splash of acid is repelled.
The splash of acid hits the acid blob.
The acid blob completely resists.
The Royal Jelly struggles against the net.
The net rips apart, and the Royal Jelly comes free!
The acid blob hits you! The acid corrodes you!
You are splashed with acid.
You resist.
* * * LOW HITPOINT WARNING * * *
You are too injured to fight recklessly!
You feel much better. The azure jelly closely misses you.
The azure jelly hits you but does no damage.
The azure jelly hits you.
The azure jelly hits you but does no damage.
You block the Royal Jelly's attack. The Royal Jelly hits you!
The acid corrodes you!
You are splashed with acid.
You resist. The acid blob spits acid at you. The splash of acid misses you.
The splash of acid hits the acid blob.
The acid blob completely resists.
The acid blob spits acid at you. The splash of acid hits you. You resist.
* * * LOW HITPOINT WARNING * * *
The acid corrodes you!
You are splashed with acid.
You resist.
* * * LOW HITPOINT WARNING * * *
You feel much better. The Royal Jelly hits you!!!
* * * LOW HITPOINT WARNING * * *
You are splashed with acid.
You resist.
* * * LOW HITPOINT WARNING * * *
You block the Royal Jelly's attack. The azure jelly misses you. x2
You block the azure jelly's attack.
The azure jelly hits you but does no damage.
The acid blob hits you!!
* * * LOW HITPOINT WARNING * * *
You are splashed with acid.
You resist.
* * * LOW HITPOINT WARNING * * *
You block the acid blob's attack.
An acid blob comes into view.
The azure jelly hits you. The azure jelly freezes you! You resist.
* * * LOW HITPOINT WARNING * * *
The azure jelly hits you!
You die...

................#* , *
...............# , .# , *
..............## , ##J.
..............# )%##. , * ,
.............## :##.. ,
.............## ,!#"#.# *
..............########..****
* ............GJJ#JJJ#J_. ,
, ............#J@J#GGJ.J *,
,,,.....G....#########..* ,
...........* * #[#.# , ,
.........# * , ,##.. ,
.........* , , ##.* ,, ,
......... , J.* , .........
* #* , , ,....... , , * , ,
, ,, * * *


You could see the Royal Jelly, 5 acid blobs, 2 azure jellies, a great orb of
eyes, 3 slime creatures, a shining eye, a death ooze and an eye of draining.

Vanquished Creatures
  3 acid blobs
  Gastronok (D:11)
  A thorn hunter (Swamp:4)
  2 azure jellies
  3 ghost moths (Spider:4)
  4 emperor scorpions
  6 entropy weavers
  3 spark wasps (Spider:4)
  A dire elephant (Lair:2)
  An ettin (Orc:1)
  Snorg (Orc:1)
  3 fire dragons (Swamp:4)
  Harold (Lair:2)
  Josephine (Lair:5)
  Erolcha (D:12)
  A ghost crab (Swamp:4)
  2 shambling mangroves
  9 hydras
  3 two-headed ogres
  6 death yaks (Lair:5)
  A queen ant (Spider:3)
  7 alligators
  An orc high priest (Orc:1)
  2 fire crabs (Swamp:4)
  An unseen horror (D:13)
  A spriggan druid (Swamp:3)
  8 swamp dragons
  A lindwurm (Swamp:4)
  2 orc knights
  8 orb spiders
  5 shining eyes
  22 wolf spiders
  2 orc sorcerers (Orc:1)
  3 ugly things
  A cyclops (D:11)
  2 black mambas
  A moth of wrath (Spider:4)
  26 elephants
  A manticore (D:11)
  Maurice (D:9)
  28 spiny frogs
  Psyche (D:9)
  7 komodo dragons
  6 demonic crawlers
  7 trolls
  12 hornets
  16 jumping spiders
  16 tyrant leeches
  4 dream sheep (Lair:6)
  26 blink frogs
  3 bog bodies
  3 hippogriffs
  25 slime creatures
  A vampire (D:12)
  3 wraiths (Lair:5)
  35 redbacks
  7 spriggans
  A wyvern (D:12)
  52 yaks
  3 hogs (D:10)
  A human (D:10)
  18 tarantellas
  13 golden eyes
  7 basilisks
  3 steam dragons
  15 vampire mosquitoes
  4 wargs (Orc:1)
  2 acid dragons (D:12)
  8 soldier ants (Spider:3)
  7 water moccasins
  4 porcupines
  13 swamp worms
  An ice beast (D:10)
  9 swamp drakes
  18 orc warriors
  A black bear (Lair:1)
  2 sky beasts
  7 ogres
  5 eyes of draining
  A necrophage (D:11)
  2 phantoms
  11 wolves
  4 centaurs
  3 crocodiles
  2 big kobolds
  22 bullfrogs
  2 earth elementals (Spider:4)
  A water moccasin zombie (D:10)
  A wyvern skeleton (D:12)
  5 scorpions
  3 killer bees (D:7)
  5 wights (D:11)
  A vampire bat (D:3)
  2 howler monkeys
  6 electric eels
  9 crimson imps
  A quasit (D:6)
  7 hounds
  3 jellies
  2 centaur skeletons
  7 orc priests
  14 orc wizards
  A gnoll shaman (D:5)
  4 iguanas
  Jessica (D:3)
  A bullfrog skeleton (D:8)
  Natasha (thrice) (D:4)
  21 worker ants
  A hound skeleton (D:4)
  2 worker ant zombies
  17 adders
  10 gnolls
  3 shadow imps
  10 oozes (Sewer)
  2 adder skeletons
  A dart slug (D:1)
  6 fire bats
  4 worms
  11 leopard geckos
  48 orcs
  2 spectral bats (D:3)
  12 ball pythons
  15 bats
  A bat simulacrum (D:3)
  3 bat skeletons (D:3)
  A bat zombie (D:3)
  11 giant cockroaches
  12 goblins
  17 hobgoblins
  10 jackals
  12 kobolds
  A quokka (D:7)
  19 frilled lizards
  A leopard gecko skeleton (D:7)
  9 rats
  7 fungi
  10 plants
946 creatures vanquished.

Vanquished Creatures (collateral kills)
  Mara (Swamp:4)
  An acid blob (Slime:5)
  An azure jelly (Slime:5)
  Louise (Swamp:4)
  An orc warlord (Orc:1)
  3 hydras (Swamp:4)
  A shambling mangrove (Swamp:3)
  An orc high priest (Bailey)
  2 swamp dragons (Swamp:3)
  3 orb spiders (Spider:4)
  5 wolf spiders (Spider:4)
  A spiny frog (Swamp:3)
  A kobold demonologist (Bailey)
  A demonic crawler (Spider:4)
  4 jumping spiders (Spider:4)
  A tyrant leech (Spider:4)
  5 hornets
  3 slime creatures
  3 tarantellas (Spider:4)
  A spriggan (Swamp:3)
  8 redbacks
  2 golden eyes
  3 swamp drakes (Swamp:4)
  2 orc warriors
  An earth elemental (Spider:4)
  An electric eel (Bailey)
  An orc priest (Orc:1)
  A worker ant (Spider:3)
  A gnoll (Bailey)
  An orc (Orc:1)
  5 goblins (Bailey)
  2 hobgoblins (Bailey)
68 creatures vanquished.

Vanquished Creatures (others)
  2 hydras (Swamp:4)
  A swamp dragon (Swamp:4)
  A hornet (Swamp:4)
  5 dream sheep (Lair:2)
  A steam dragon (Swamp:4)
  4 swamp drakes (Swamp:4)
  A quasit (D:10)
  An orc wizard (D:4)
  A quokka (D:10)
  43 fungi
  31 plants
91 creatures vanquished.

Grand Total: 1105 creatures vanquished

Notes
Turn   | Place    | Note
-------+----------+-------------------------------------------
     0 | D:1      | EnegeticOcto the Deep Dwarf Fighter began the quest for the
                  | Orb.
     0 | D:1      | Reached XP level 1. HP: 20/20 MP: 1/1
    36 | D:1      | Reached XP level 2. HP: 27/27 MP: 2/2
   224 | D:2      | Reached XP level 3. HP: 24/34 MP: 3/3
   327 | D:2      | Reached skill level 1 in Dodging
   458 | D:3      | Reached XP level 4. HP: 20/42 MP: 4/4
   490 | D:3      | Reached XP level 5. HP: 23/50 MP: 5/5
   655 | D:3      | Noticed Jessica
   681 | D:3      | Killed Jessica
   756 | D:4      | Noticed an ogre
   763 | D:4      | Killed an ogre
   763 | D:4      | Reached XP level 6. HP: 27/57 MP: 6/6
   804 | D:4      | Found a staircase to the Ecumenical Temple.
   816 | Temple   | Entered the Ecumenical Temple
   895 | Temple   | Became a worshipper of Makhleb the Destroyer
   995 | D:4      | Reached skill level 1 in Invocations
  1078 | D:4      | Found a glowing drain.
  1083 | Sewer    | Entered a sewer
  1162 | Sewer    | Reached * piety under Makhleb
  1293 | Sewer    | Reached XP level 7. HP: 57/66 MP: 8/8
  1339 | Sewer    | Reached ** piety under Makhleb
  1388 | Sewer    | Reached skill level 2 in Invocations
  1653 | D:4      | Reached skill level 5 in Axes
  1692 | D:4      | Noticed Natasha
  1697 | D:4      | Killed Natasha
  1727 | D:4      | Reached skill level 3 in Invocations
  1884 | D:4      | Noticed Natasha
  1889 | D:4      | Killed Natasha
  1910 | D:4      | Noticed Natasha
  1918 | D:4      | Killed Natasha
  1923 | D:5      | Entered Level 5 of the Dungeon
  1990 | D:5      | Reached *** piety under Makhleb
  2032 | D:5      | Reached skill level 5 in Fighting
  2097 | D:5      | Reached XP level 8. HP: 71/74 MP: 10/10
  2119 | D:5      | Found Ixam's Food Emporium.
  2149 | D:5      | Reached skill level 5 in Shields
  2272 | D:5      | Found a bloodstained altar of Trog.
  2512 | D:6      | Reached skill level 4 in Invocations
  2586 | D:6      | Reached skill level 5 in Armour
  2671 | D:6      | Found an opulent altar of Gozag.
  2725 | D:6      | Found a stormy altar of Qazlal.
  3165 | D:7      | Reached skill level 5 in Invocations
  3169 | D:7      | Found a shadowy altar of Dithmenos.
  3174 | D:7      | Found a snail-covered altar of Cheibriados.
  3174 | D:7      | Found a hazy altar of Hepliaklqana.
  3207 | D:7      | Found a flagged portal.
  3219 | Bailey   | Entered a bailey
  3501 | Bailey   | Gained mutation: Scrolls take you a little longer to read.
                  | [potion of mutation]
  3501 | Bailey   | Gained mutation: You are partially covered in thin metallic
                  | scales. (AC +2) [potion of mutation]
  3575 | Bailey   | Found an iron altar of Okawaru.
  3575 | Bailey   | Noticed a kobold demonologist
  3575 | Bailey   | Noticed an orc high priest
  3581 | Bailey   | Killed a kobold demonologist
  3581 | Bailey   | Gained mutation: You passively map the area around you.
                  | [Deep Dwarf growth]
  3581 | Bailey   | Reached XP level 9. HP: 46/82 MP: 13/13
  3592 | Bailey   | Killed an orc high priest
  3592 | Bailey   | Reached skill level 6 in Invocations
  3656 | Bailey   | Reached **** piety under Makhleb
  3823 | Bailey   | Found the +3 giant club "Skullcrusher" {speed, Str+7}
  3838 | Bailey   | Identified the Volume of Orientation and Companions
  3904 | Bailey   | Reached skill level 7 in Invocations
  3933 | Bailey   | Noticed an orc knight
  3978 | Bailey   | Killed an orc knight
  3978 | Bailey   | Reached skill level 5 in Dodging
  4781 | D:8      | Reached XP level 10. HP: 94/94 MP: 12/12
  5042 | D:8      | Reached ***** piety under Makhleb
  5042 | D:8      | Reached skill level 8 in Invocations
  5612 | D:9      | Noticed Psyche
  5622 | D:9      | Killed Psyche
  5653 | D:9      | Noticed Maurice
  5674 | D:9      | Killed Maurice
  6054 | D:10     | Entered Level 10 of the Dungeon
  6187 | D:10     | Reached skill level 9 in Invocations
  6421 | D:10     | Found Icoly's Magic Scroll Shop.
  6424 | D:10     | Bought a scroll of acquirement for 572 gold pieces
  6424 | D:10     | Bought a scroll of fog for 22 gold pieces
  6426 | D:10     | Identified the +10 broad axe of Xom's Regard {vorpal, rF-
                  | MR+ Str+4} (You acquired it on level 10 of the Dungeon)
  6566 | D:11     | Identified the +4 hat of Beyond {Str+5} (You acquired it on
                  | level 11 of the Dungeon)
  6566 | D:11     | Identified the amulet "Zoript" {Harm *Drain rC++ rN+ Int+2}
                  | (You acquired it on level 11 of the Dungeon)
  6581 | D:11     | Noticed a purple ugly thing
  6589 | D:11     | Killed a purple ugly thing
  6605 | D:11     | Noticed a cyclops
  6610 | D:11     | Reached XP level 11. HP: 103/103 MP: 14/14
  6635 | D:11     | Noticed a two-headed ogre
  6638 | D:11     | Found Peamoh's Magic Scroll Shoppe.
  6643 | D:11     | Killed a two-headed ogre
  6647 | D:11     | Reached skill level 10 in Invocations
  6665 | D:11     | Bought a scroll of summoning for 95 gold pieces
  6671 | D:11     | Noticed Gastronok
  6672 | D:11     | Found a staircase to the Lair.
  6702 | D:11     | Killed Gastronok
  6702 | D:11     | Reached skill level 10 in Axes
  6819 | D:11     | Noticed a two-headed ogre
  6820 | D:11     | Found Gadaegho's Jewellery Boutique.
  6826 | D:11     | Killed a two-headed ogre
  6826 | D:11     | Reached skill level 11 in Invocations
  6828 | D:11     | Found Namas's Antique Armour Shop.
  6829 | D:11     | Found Dauvvitz's Weapon Shoppe.
  6925 | D:11     | Reached ****** piety under Makhleb
  6953 | D:11     | Found Loump's Book Boutique.
  6976 | D:11     | Found a transporter.
  6979 | D:11     | Noticed a two-headed ogre
  6979 | D:11     | You fall into a shaft and drop 2 floors!
  7011 | D:13     | Killed an unseen horror
  7046 | D:13     | Found Kitig's Antique Armour Boutique.
  7050 | D:13     | Noticed a two-headed ogre
  7053 | D:13     | Got a pair of smoking boots
  7058 | D:13     | Killed a two-headed ogre
  7058 | D:13     | Reached XP level 12. HP: 93/114 MP: 15/15
  7061 | D:13     | Identified the +0 pair of boots "Damnable Contraption"
                  | {-Tele rElec rCorr Dex+5} (You found it on level 13 of the
                  | Dungeon)
  7196 | D:11     | Found a bloodstained altar of Trog.
  7202 | D:11     | Found a transporter.
  7202 | D:11     | Noticed Elauc's ghost (journeyman HOWn)
  7618 | D:12     | Noticed Erolcha
  7628 | D:12     | Killed Erolcha
  7628 | D:12     | Reached skill level 12 in Invocations
  7701 | D:12     | Noticed an eight-headed hydra
  7702 | D:12     | Found a staircase to the Orcish Mines.
  7724 | D:12     | Killed a 17-headed hydra
  7793 | Orc:1    | Entered Level 1 of the Orcish Mines
  7795 | Orc:1    | Noticed an orc high priest
  7797 | Orc:1    | Reached skill level 10 in Fighting
  7805 | Orc:1    | Killed an orc high priest
  7820 | Orc:1    | Noticed an orc warlord
  7856 | Orc:1    | Killed an orc warlord
  7945 | Orc:1    | Paralysed by an orc sorcerer for 6 turns
  7974 | Orc:1    | Reached XP level 13. HP: 109/123 MP: 11/11
  8017 | Orc:1    | Noticed an ettin
  8023 | Orc:1    | Killed an ettin
  8066 | Orc:1    | Noticed Snorg
  8073 | Orc:1    | Killed Snorg
  8461 | D:13     | Bought a pair of crude gloves for 304 gold pieces
  8461 | D:13     | Bought a faintly glowing cloak for 304 gold pieces
  8463 | D:13     | Identified the +4 pair of gloves of the Lonely Lives {Str+3
                  | SInv Stlth-} (You bought it in a shop on level 13 of the
                  | Dungeon)
  8478 | D:13     | Identified the cursed -6 cloak of Perpetual Drought {*Drain
                  | Str+2 Dex+4} (You bought it in a shop on level 13 of the
                  | Dungeon)
  8534 | Lair:1   | Entered Level 1 of the Lair of Beasts
  8584 | Lair:1   | Reached skill level 13 in Invocations
  8626 | Lair:1   | Got an ancient bone ring
  8660 | Lair:1   | Identified the ring of the Snail {rF+ rC+ rN+} (You found
                  | it on level 1 of the Lair of Beasts)
  8787 | Lair:2   | Noticed Harold
  8799 | Lair:2   | Killed Harold
  8896 | Lair:2   | Found a hole to the Spider Nest.
  8937 | Spider:1 | Entered Level 1 of the Spider Nest
  8973 | Spider:2 | Noticed an entropy weaver
  8980 | Spider:2 | Killed an entropy weaver
  8996 | Spider:2 | Noticed an emperor scorpion
  9010 | Spider:2 | Killed an emperor scorpion
  9012 | Spider:2 | Noticed an emperor scorpion
  9028 | Spider:2 | Killed an emperor scorpion
  9058 | Spider:2 | Noticed an emperor scorpion
  9079 | Spider:2 | Killed an emperor scorpion
  9094 | Spider:2 | Reached skill level 14 in Invocations
  9121 | Spider:2 | Gained mutation: You resist negative energy. (rN+) [Deep
                  | Dwarf growth]
  9121 | Spider:2 | Reached XP level 14. HP: 135/135 MP: 12/12
  9209 | Spider:3 | Noticed an entropy weaver
  9219 | Spider:3 | Killed an entropy weaver
  9253 | Spider:3 | Reached skill level 10 in Armour
  9273 | Spider:3 | Reached skill level 10 in Shields
  9358 | Spider:3 | Noticed an entropy weaver
  9374 | Spider:3 | Killed an entropy weaver
  9379 | Spider:3 | Noticed an entropy weaver
  9384 | Spider:3 | Killed an entropy weaver
  9486 | Spider:4 | Entered Level 4 of the Spider Nest
  9555 | Spider:4 | Noticed an entropy weaver
  9557 | Spider:4 | Paralysed by a hornet for 3 turns
  9568 | Spider:4 | Killed an entropy weaver
  9630 | Spider:4 | Reached skill level 15 in Invocations
  9636 | Spider:4 | Noticed an entropy weaver
  9652 | Spider:4 | Killed an entropy weaver
  9664 | Spider:4 | Noticed a ghost moth
  9671 | Spider:4 | Killed a ghost moth
  9708 | Spider:4 | Reached skill level 10 in Dodging
  9711 | Spider:4 | Noticed an emperor scorpion
  9711 | Spider:4 | Noticed a ghost moth
  9716 | Spider:4 | Noticed a ghost moth
  9732 | Spider:4 | Reached XP level 15. HP: 141/144 MP: 0/13
  9745 | Spider:4 | Killed a ghost moth
  9752 | Spider:4 | Killed a ghost moth
  9791 | Spider:4 | Got a gossamer rune of Zot
 10240 | Lair:2   | Found a shimmering altar of Xom.
 10536 | Lair:3   | Reached skill level 16 in Invocations
 11112 | Lair:4   | Identified the Compendium of Ashen Aid
 11114 | Lair:4   | Found a staircase to the Swamp.
 11123 | Swamp:1  | Entered Level 1 of the Swamp
 11337 | Swamp:3  | HP: 7/146 [shambling mangrove (5)]
 11354 | Swamp:3  | HP: 1/146 [spriggan rider/+0 spear (17)]
 11487 | D:11     | Bought an uncursed ring of poison resistance for 260 gold
                  | pieces
 11751 | Swamp:3  | Reached XP level 16. HP: 154/154 MP: 11/11
 11840 | Swamp:4  | Entered Level 4 of the Swamp
 11955 | Swamp:4  | Reached skill level 15 in Axes
 12023 | Swamp:4  | Noticed a thorn hunter
 12051 | Swamp:4  | Killed a thorn hunter
 12096 | Swamp:4  | Noticed Louise
 12107 | Swamp:4  | Killed Louise
 12114 | Swamp:4  | Reached skill level 17 in Invocations
 12135 | Swamp:4  | Noticed Mara
 12156 | Swamp:4  | Noticed EnegeticOcto's illusion
 12160 | Swamp:4  | Killed Mara
 12290 | Swamp:4  | Got a decaying rune of Zot
 12909 | Lair:5   | Noticed Josephine
 12923 | Lair:5   | Killed Josephine
 12981 | Lair:5   | Found a runed translucent gate.
 12981 | Lair:5   | Found a runed translucent gate.
 12981 | Lair:5   | Found a runed translucent gate.
 12983 | Lair:5   | Found a viscous altar of Jiyva.
 12983 | Lair:5   | Noticed amnekian's ghost (journeyman HuIE)
 13290 | Lair:6   | Entered Level 6 of the Lair of Beasts
 13426 | Lair:6   | Reached XP level 17. HP: 165/165 MP: 11/11
 13691 | Lair:6   | Got a faintly glowing silver amulet
 13712 | Lair:6   | Found a viscous altar of Jiyva.
 13712 | Lair:6   | Found a staircase to the Slime Pits.
 13728 | Lair:6   | Identified the amulet "Vic Irph" {RegenMP *Drain rElec
                  | Str+4 Int+2} (You found it on level 6 of the Lair of
                  | Beasts)
 13734 | Slime:1  | Entered Level 1 of the Pits of Slime
 13736 | Slime:1  | Noticed an acid blob
 13742 | Slime:1  | Killed an acid blob
 13743 | Slime:1  | Noticed an acid blob
 13753 | Slime:1  | Killed an acid blob
 13753 | Slime:1  | Reached skill level 18 in Invocations
 13755 | Slime:1  | Gained mutation: You are dopey. (Int -2) [a shining eye]
 13758 | Slime:1  | Gained mutation: Armour fits poorly on your strangely
                  | shaped body. [a shining eye]
 13837 | Slime:2  | Gained mutation: You are weak. (Str -2) [a shining eye]
 13858 | Slime:4  | Gained mutation: You are robust. (+10% HP) [a shining eye]
 13860 | Slime:4  | Gained mutation: Your magical capacity is low. (-10% MP) [a
                  | shining eye]
 13867 | Slime:4  | Gained mutation: You occasionally shout uncontrollably at
                  | your foes. [a shining eye]
 13892 | Slime:5  | Entered Level 5 of the Pits of Slime
 13899 | Slime:5  | Noticed an acid blob
 13914 | Slime:5  | Killed an acid blob
 13934 | Slime:5  | Noticed an acid blob
 13935 | Slime:5  | Lost mutation: You are robust. (+10% HP) [a shining eye]
 13944 | Slime:5  | Killed an acid blob
 13965 | Slime:5  | Noticed an acid blob
 13967 | Slime:5  | Noticed the Royal Jelly
 13968 | Slime:5  | Found a viscous altar of Jiyva.
 13969 | Slime:5  | Noticed an acid blob
 13970 | Slime:5  | Noticed an acid blob
 13973 | Slime:5  | Noticed an acid blob
 13981 | Slime:5  | HP: 7/166 [acid (3)]
 13981 | Slime:5  | Noticed an acid blob
 13981 | Slime:5  | HP: 2/166 [azure jelly[the Royal Jelly] (5)]
 13981 | Slime:5  | Slain by an azure jelly

Levels and vault maps discovered:
D:1:      lightli_arrival_statuegarden, layout_rooms, chequers_garden
D:2:      layout_rooms, first_ration
D:3:      layout_basic, goddamned_bats, uniq_crazy_yiuf_cottage, uniq_jessica
D:4:      layout_basic, minmay_temple_entry_glass, serial_glass,
          glass_columns_c, glass_columns_b, portal_sewer_entry_e, uniq_natasha
D:5:      layout_cave_pools, serial_shops, shop, minmay_misc_feat_rows,
          trog_hazing_becter
D:6:      layout_basic, nicolae_overflow_crystal_walls, serial_glass,
          glass_columns_a, glass_columns_b, glass_columns_a, glass_columns_a,
          glass_columns_a, glass_columns_a, glass_columns_a, glass_columns_b,
          grunt_gozag_breadcrumbs
D:7:      layout_gridville, grunt_temple_overflow_open, enter_bailey_3
D:8:      layout_basic
D:9:      layout_roguey, serial_bayou_ford_a, uniq_maurice, uniq_psyche
D:10:     layout_rooms, serial_curves, eino_curves_02, eino_curves_02,
          serial_shops, shop, grunt_livestock
D:11:     layout_rooms, erik_lair_island, gauntlet_entry_generic, serial_shops,
          shop, nicolae_shop_stone, nicolae_shop_stone, shop,
          nicolae_shop_trees, gammafunk_ghost_wrathful_warriors, uniq_gastronok
D:12:     layout_irregular_city, orc_0_dummy, uniq_erolcha
D:13:     layout_basic, hangedman_vaults_entry_quadrant_bands, serial_shops,
          kennysheep_mini_moat, nicolae_shop_crystal, shop, shop, shop,
          minmay_misc_feat_cross
Temple:   hc_temple_tempest_star
Lair:1:   layout_misc_corridors, wad_woods_road_01, grunt_megastairs_5,
          lemuel_fruit_tree, uniq_grum
Lair:2:   mu_elephants_graveyard, layout_misc_corridors, spider_nest_entry_a,
          kb_xom_exploding_sheep, uniq_harold
Lair:3:   layout_misc_corridors
Lair:4:   layout_hall_layers, minmay_swamp_entry_swarm
Lair:5:   layout_regular_city, gammafunk_ghost_ooze, uniq_josephine
Lair:6:   minmay_lair_end_frog_pond, layout_misc_corridors, slime_altar_1
Swamp:1:  layout_basic_swamp, evilmike_swamp_ruin_house_1, swamp_pool4
Swamp:2:  layout_falls_marsh, nicolae_swamp_very_dense_foliage, swamp_pool4
Swamp:3:  gammafunk_the_bubble [the_bubble_gammafunk_crates],
          layout_falls_marsh, nicolae_swamp_trees_clearing
Swamp:4:  swamp_fiery, layout_basic_swamp, swamp_pool5, uniq_louise, uniq_mara
Spider:1: layout_chambers
Spider:2: layout_spider_delve
Spider:3: layout_chambers, minmay_another_anthill
Spider:4: grunt_spider_rune_parallel, hangedman_stitches_earthworm
Slime:1:  layout_caves
Slime:2:  layout_caves
Slime:3:  layout_caves
Slime:4:  layout_caves
Slime:5
Orc:1:    layout_diamond_mine, uniq_snorg

Skill      XL: |  1  2  3  4  5  6  7  8  9 10 11 12 13 14 15 16 17 |
---------------+----------------------------------------------------+-----
Fighting       | 3 4 5 6 7 8 9 10 11 12 13 14 | 14.1
Axes           | 3 4 5 6 7 9 10 11 12 13 14 15 16 | 16.2
Dodging        | 1 2 3 4 5 6 7 8 9 10 11 | 11.9
Shields        | 4 5 6 7 8 9 10 11 12 | 12.3
Armour         | 4 5 6 7 8 9 10 11 12 | 12.3
Invocations    | 1 3 5 7 9 11 12 14 15 16 17 18 | 18.3

Action                   |  1- 3 |  4- 6 |  7- 9 | 10-12 | 13-15 | 16-18 || total
-------------------------+-------+-------+-------+-------+-------+-------++-------
Melee: War axe           |    87 |   273 |   394 |       |       |       ||   754
       Broad axe         |       |       |   127 |   447 |   642 |   531 ||  1747
Throw: Throwing net      |       |       |       |       |       |     3 ||     3
Invok: Lesser Servant of |       |       |     3 |     2 |     9 |     2 ||    16
       Greater Servant o |       |       |       |       |     9 |     6 ||    15
 Abil: Heal Wounds       |       |     3 |    16 |    21 |    33 |    17 ||    90
Evoke: Wand              |       |       |     2 |     3 |       |       ||     5
  Use: Scroll            |       |     3 |     8 |    12 |     4 |     8 ||    35
       Potion            |       |       |     7 |       |     9 |     5 ||    21
 Stab: Distracted        |       |       |       |     3 |     8 |     1 ||    12
       Held in net/web   |       |       |       |       |       |     1 ||     1
  Eat: Chunk             |       |     3 |     6 |     7 |    13 |     8 ||    37
       Ration            |       |       |     3 |       |       |     2 ||     5
Armor: Scale mail        |    62 |    96 |       |       |       |       ||   158
       Plate armour      |       |   116 |   267 |   280 |   515 |   175 ||  1353
       Fire dragon scale |       |       |       |       |       |   105 ||   105
       Skin              |       |       |       |       |       |     2 ||     2
Dodge: Dodged            |    35 |   101 |   124 |   164 |   406 |   351 ||  1181
       Deflected         |       |       |    10 |    11 |     3 |    15 ||    39
Block: Kite shield       |    67 |   221 |   322 |   361 |   674 |   435 ||  2080

Table legend:
 A = Non-vault XP
 B = Vault XP
 C = Vault XP percentage of total XP
 D = Non-vault monster count
 E = Vault monster count
 F = Vault count percentage of total count
                 A         B        C        D         E       F
            +---------+---------+-------+---------+---------+-------
      Total |  157541 |   90724 |  36.5 |     648 |     353 |  35.3
            +---------+---------+-------+---------+---------+-------
        D:1 |      27 |       0 |   0.0 |      14 |       0 |   0.0
        D:2 |      45 |       0 |   0.0 |      16 |       0 |   0.0
        D:3 |      72 |     212 |  74.6 |      16 |      21 |  56.8
        D:4 |     503 |      61 |  10.8 |      25 |       9 |  26.5
        D:5 |     393 |      10 |   2.5 |      18 |       6 |  25.0
        D:6 |     598 |       0 |   0.0 |       9 |       0 |   0.0
        D:7 |     629 |       8 |   1.3 |      18 |       4 |  18.2
        D:8 |     991 |       0 |   0.0 |      22 |       0 |   0.0
        D:9 |     534 |     843 |  61.2 |      10 |       2 |  16.7
       D:10 |    1119 |    1008 |  47.4 |      13 |       5 |  27.8
       D:11 |    8265 |    3157 |  27.6 |      60 |       9 |  13.0
       D:12 |    8378 |     980 |  10.5 |      47 |       1 |   2.1
       D:13 |    1729 |       0 |   0.0 |       3 |       0 |   0.0
     Lair:1 |    1880 |     128 |   6.4 |      10 |       1 |   9.1
     Lair:2 |    2031 |   11483 |  85.0 |      10 |      23 |  69.7
     Lair:3 |    5168 |       0 |   0.0 |      18 |       0 |   0.0
     Lair:4 |    3728 |     717 |  16.1 |      14 |       4 |  22.2
     Lair:5 |   10326 |    1661 |  13.9 |      30 |       4 |  11.8
     Lair:6 |    5988 |   12544 |  67.7 |      19 |      49 |  72.1
    Swamp:1 |    8223 |       0 |   0.0 |      18 |       0 |   0.0
    Swamp:2 |    3796 |       0 |   0.0 |       8 |       0 |   0.0
    Swamp:3 |   11433 |     582 |   4.8 |      35 |       2 |   5.4
    Swamp:4 |   15157 |   20583 |  57.6 |      36 |      29 |  44.6
   Spider:1 |    1260 |       0 |   0.0 |       4 |       0 |   0.0
   Spider:2 |   15679 |       0 |   0.0 |      33 |       0 |   0.0
   Spider:3 |    7279 |    5009 |  40.8 |      20 |      25 |  55.6
   Spider:4 |   12831 |   24390 |  65.5 |      35 |      62 |  63.9
    Slime:1 |    6268 |       0 |   0.0 |       6 |       0 |   0.0
    Slime:2 |    5480 |       0 |   0.0 |      15 |       0 |   0.0
    Slime:4 |    4256 |       0 |   0.0 |      11 |       0 |   0.0
    Slime:5 |    5742 |    3290 |  36.4 |       9 |       3 |  25.0
      Orc:1 |    7733 |    1129 |  12.7 |      46 |       1 |   2.1
      Sewer |       0 |     264 | 100.0 |       0 |      53 | 100.0
     Bailey |       0 |    2665 | 100.0 |       0 |      40 | 100.0
            +---------+---------+-------+---------+---------+-------
